 Dungeon Crawl Stone Soup version 0.23-a0-8-gb809bb7 (webtiles) character file.

21 Amnesiac the Magician (level 2, -2/19 HPs)
             Began as a Mummy Wizard on Aug 1, 2018.
             Slain by a jackal (3 damage)
             ... on level 1 of the Dungeon.
             The game lasted 00:01:40 (612 turns).

Amnesiac the Magician (Mummy Wizard)                 Turns: 612, Time: 00:01:41

Health: -2/19      AC:  2    Str: 10    XL:     2   Next: 62%
Magic:  2/7        EV: 12    Int: 17    God:
Gold:   0          SH:  0    Dex: 10    Spells: 8/9 levels left

rFire    . . .     SeeInvis .   c - +0 hunting sling
rCold    . . .     Gourm    .   (no shield)
rNeg     + + +     Faith    .   a - +0 robe
rPois    ∞         Spirit   .   b - +0 hat
rElec    .         Reflect  .   (no cloak)
rCorr    .         Harm     .   (no gloves)
MR       .....                  (no boots)
Stlth    ++........             (no amulet)
HPRegen  0.06/turn              e - ring of fire
MPRegen  0.10/turn              (no ring)

@: very slightly contaminated
A: no food or potions, fire vulnerability, cold resistance 1, negative energy
resistance 3, torment resistance, unbreathing
a: no special abilities


You were on level 1 of the Dungeon.
You were not hungry.

You visited 1 branch of the dungeon, and saw 2 of its levels.

Inventory:

Hand Weapons
 c - a +0 hunting sling (weapon)
Missiles
 d - 34 stones (quivered)
Armour
 a - a +0 robe (worn)
 b - a +0 hat (worn)
Jewellery
 e - a ring of fire (left hand)
Scrolls
 f - a scroll of blinking {!r, unknown}


   Skills:
 + Level 2.0 Dodging
 - Level 1.5 Stealth
 - Level 4.0 Spellcasting
 * Level 1.8 Conjurations
   Level 0.7 Summonings
   Level 0.7 Translocations


You had 8 spell levels left.
You knew the following spells:

 Your Spells              Type           Power        Failure   Level  Hunger
a - Magic Dart            Conj           #...         8%          1    N/A

Your spell library contained the following spells:

 Spells                   Type           Power        Failure   Level  Hunger
 Conjure Flame            Conj/Fire      #.......     32%         3    N/A
 Slow                     Hex            #.......     24%         2    N/A
 Mephitic Cloud           Conj/Pois/Air  #.......     36%         3    N/A
 Blink                    Tloc           N/A          19%         2    N/A
 Call Imp                 Summ           #.......     19%         2    N/A

Dungeon Overview and Level Annotations

Branches:
Dungeon (2/15)

Altars:

Annotations:
D:1 1 runed door
D:2 exclusion: killer bee, Natasha


Innate Abilities, Weirdness & Mutations

You do not eat or drink.
Your flesh is vulnerable to fire.
You are immune to poison.
Your flesh is cold resistant. (rC+)
You are immune to negative energy. (rN+++)
You are immune to unholy pain and torment.
You can survive without breathing.


Message History

Aim: a jackal (almost dead)
You shoot a stone. The stone hits the jackal.
You kill the jackal!
The jackal bites you. The jackal barely misses you.
Firing (i - inventory)
d - 35 stones (quivered)
Press: ? - help, Shift-Dir - straight line, f - jackal
Aim: a jackal You shoot a stone.
The stone barely misses the jackal.
The jackal bites you. The jackal barely misses you. The jackal bites you.
The jackal barely misses you. The jackal closely misses you.
You open the door. The jackal misses you. The jackal barely misses you.
The jackal barks!
There is an open door here.
The ooze quivers.
Casting: Magic Dart (safe; 8% risk of failure)
Confirm with . or Enter, or press ? or * to list all spells.
Aiming: Magic Dart (safe; 8% risk of failure)
Press: ? - help, Shift-Dir - straight line, f/p - jackal
Aim: a jackal The magic dart hits the jackal.
The jackal bites you.
* * * LOW HITPOINT WARNING * * *
The jackal barely misses you.
Casting: Magic Dart (safe; 8% risk of failure)
Confirm with . or Enter, or press ? or * to list all spells.
Aiming: Magic Dart (safe; 8% risk of failure)
Press: ? - help, Shift-Dir - straight line, f/p - jackal
Aim: a jackal You miscast Magic Dart.
You are very lightly contaminated with residual magic.
Nothing appears to happen.
The jackal barely misses you. The jackal closely misses you.
The jackal bites you.
* * * LOW HITPOINT WARNING * * *
Casting: Magic Dart (safe; 8% risk of failure)
Confirm with . or Enter, or press ? or * to list all spells.
Aiming: Magic Dart (safe; 8% risk of failure)
Press: ? - help, Shift-Dir - straight line, f/p - jackal
Aim: a jackal The magic dart hits the jackal.
The jackal is heavily wounded.
The jackal bites you.
* * * LOW HITPOINT WARNING * * *
The jackal bites you but does no damage.
The jackal barely misses you.
Casting: Magic Dart (safe; 8% risk of failure)
Confirm with . or Enter, or press ? or * to list all spells.
Aiming: Magic Dart (safe; 8% risk of failure)
Press: ? - help, Shift-Dir - straight line, f/p - jackal
Aim: a jackal (heavily wounded)
The magic dart hits the jackal.
The jackal is severely wounded.
The jackal bites you.
* * * LOW HITPOINT WARNING * * *
The jackal misses you.
Casting: Magic Dart (safe; 8% risk of failure)
Confirm with . or Enter, or press ? or * to list all spells.
Aiming: Magic Dart (safe; 8% risk of failure)
Press: ? - help, Shift-Dir - straight line, f/p - jackal
Aim: a jackal (severely wounded)
The magic dart hits the jackal.
The jackal is almost dead.
The jackal bites you.
You die...

.###.# #....###..##...........
.# #.# #.######.......#.#.....
.# #.# #..............#.###..#
.#
#.#######.#####.#######......#
.#
#................###########.#
##
##########...................#
#..###+#######'###..#
#..#..⌠...>...⌠..#..#
#..#@.....<......#..#
#..hh....###....⌠+..#
#..#.............#..#
#..#######+#######..#
#..#hhwsJr..sJ.J.#...
#..#.h.J.........#...
#..#.............#
#(†############### #.........


You could see a worm, 2 oozes, 5 jackals, a giant cockroach and a rat.

Vanquished Creatures
  An adder (D:2)
  A leopard gecko (D:1)
  3 goblins
  A jackal (D:1)
  2 bats (D:1)
  A frilled lizard (D:2)
  2 rats (D:1)
11 creatures vanquished.

Notes
Turn   | Place    | Note
-------+----------+-------------------------------------------
     0 | D:1      | Amnesiac the Mummy Wizard began the quest for the Orb.
     0 | D:1      | Reached XP level 1. HP: 13/13 MP: 5/5
     1 | D:1      | Found a runed door.
    18 | D:2      | Noticed a killer bee
    20 | D:2      | Reached skill level 1 in Conjurations
    20 | D:2      | Reached XP level 2. HP: 19/19 MP: 1/7
    91 | D:2      | Noticed a killer bee
    95 | D:2      | Noticed Natasha
   612 | D:1      | Slain by a jackal

Vault maps used:
D:1:      dpeg_arrival_caged_fury
D:2:      minmay_joined_circles, uniq_natasha

Skill      XL: |  1  2 |
---------------+-------+-----
Conjurations   | 1 |  1.8
Dodging        | 2 |  2.0
Stealth        | |  1.5
Spellcasting   | |  4.0
Summonings     | |  0.7
Translocations | |  0.7

Action                   || total
-------------------------++-------
 Fire: Hunting sling     ||    32
 Cast: Magic Dart        ||     9
Armor: Robe              ||     6
Dodge: Dodged            ||    27

Table legend:
 A = Spawn XP
 B = Non-spawn XP
 C = Spawn XP percentage of total XP
 D = Spawn monster count
 E = Non-spawn monster count
 F = Spawn count percentage of total count
 G = Total turns spent on level
                    A         B        C        D         E        F      G
               +---------+---------+-------+---------+---------+-------+---------
         Total |       0 |      30 |   0.0 |       0 |      11 |   0.0 |   612
               +---------+---------+-------+---------+---------+-------+---------
           D:1 |       0 |      14 |   0.0 |       0 |       8 |   0.0 |   576
           D:2 |       0 |      16 |   0.0 |       0 |       3 |   0.0 |    36
               +---------+---------+-------+---------+---------+-------+---------
